 Dungeon Crawl Stone Soup version 0.20-a0-960-ge493e74 (webtiles) character file.

659 Murumi the Covert (level 7, -1/60 HPs)
             Began as a Naga Assassin on Apr 7, 2017.
             Slain by a worker ant (3 damage)
             ... on level 4 of the Dungeon.
             The game lasted 00:23:30 (5290 turns).

Murumi the Covert (Naga Assassin)                   Turns: 5290, Time: 00:23:31

Health: -1/60      AC:  4    Str: 11    XL:     7   Next: 55%
Magic:  8/8        EV: 10    Int: 12    God:
Gold:   144        SH:  0    Dex: 14    Spells: 6/6 levels left

rFire    + . .     SeeInvis +   a - +2 dagger
rCold    . . .     Gourm    .   (no shield)
rNeg     + . .     Faith    .   c - +0 robe
rPois    +         Spirit   .   (no helmet)
rElec    .         Reflect  .   d - +0 cloak
rCorr    .         Harm     .   (no gloves)
MR       .....                  (no barding)
Stlth    ++++++....             (no amulet)
Regen    0.2/turn               h - ring of protection from fire
MPRegen  0.2/turn               p - ring of positive energy

@: short of breath, very slow
A: camouflage 1, see invisible, deformed body, poison resistance, slowness 2,
slow metabolism 1, spit poison 1, weak 1, AC +2
a: Spit Poison


You were on level 4 of the Dungeon.
You were not hungry.

You visited 1 branch of the dungeon, and saw 4 of its levels.

You collected 144 gold pieces.

Inventory:

Hand Weapons
 a - a +2 dagger (weapon)
 b - a +0 blowgun
Missiles
 e - 22 poisoned needles
 f - 2 curare-tipped needles
 m - 5 tomahawks of returning (quivered)
 q - 167 stones
Armour
 c - a +0 robe (worn)
 d - a +0 cloak (worn)
Jewellery
 h - a ring of protection from fire (left hand)
 n - an uncursed ring of flight
 p - a ring of positive energy (right hand)
Scrolls
 l - 3 scrolls of teleportation
Potions
 j - a potion of curing
 o - a potion of berserk rage {unknown}
 r - a potion of brilliance {unknown}
Comestibles
 g - 3 bread rations
 i - a meat ration
 k - a royal jelly


   Skills:
 + Level 2.0 Fighting
 - Level 2.0 Short Blades
 - Level 2.0 Throwing
 - Level 2.2 Dodging
 - Level 12.0 Stealth
 - Level 2.1 Evocations


You had 6 spell levels left.
You didn't know any spells.

Dungeon Overview and Level Annotations

Branches:
Dungeon (4/15)
 Temple: D:4-7

Altars:
The Shining One


Innate Abilities, Weirdness & Mutations

You cannot wear boots.
Your serpentine skin is tough. (AC +2)
You have supernaturally acute eyesight. (SInv)
Armour fits poorly on your strangely shaped body.
Your system is resistant to poisons. (rPois)
You cover ground very slowly.
You have a slow metabolism.
You can spit poison.
Your skin changes colour to match your surroundings (Stealth+).
You are weak. (Str -2)


Message History

The worker ant bites you!
* * * LOW HITPOINT WARNING * * *
You barely miss the worker ant.
The worker ant is lightly wounded.
The worker ant barely misses you.
You hit the worker ant but do no damage.
The worker ant is lightly wounded.
You have got your breath back.
The worker ant bites you!
* * * LOW HITPOINT WARNING * * *
The worker ant barely misses you.
Okay, then.
Press: ? - help, Shift-Dir - straight line, f/p - worker ant
Aim: a worker ant (lightly wounded)
The splash of poison misses the worker ant.
You feel slightly more hungry. The worker ant closely misses you.
You hit the worker ant.
The worker ant is moderately wounded.
The worker ant bites you.
You die...

#.......#.......
####....#.......
#....#.......
#............
#...#..>.....
#...#[######.
#.....# #a#..##
#@##.# #.##.#
#.##.# #.##.#
#.##.# #.##.#
#..#.# ##.#.#
#)#.#


You could see a worker ant.

Vanquished Creatures
  Grinder (D:4)
  2 scorpions (D:4)
  A centaur skeleton (D:4)
  An orc wizard (D:3)
  Jessica (D:2)
  Natasha (thrice) (D:2)
  2 worker ants
  8 adders
  2 worms (D:3)
  2 leopard geckos (D:3)
  5 orcs
  A ball python (D:1)
  A giant cockroach (D:1)
  4 hobgoblins
  10 jackals
  10 kobolds
  2 quokkas (D:2)
  6 bats
  5 frilled lizards
  10 goblins
  12 rats
89 creatures vanquished.

Notes
Turn   | Place    | Note
-------+----------+-------------------------------------------
     0 | D:1      | Murumi the Naga Assassin began the quest for the Orb.
     0 | D:1      | Reached XP level 1. HP: 19/19 MP: 1/1
    23 | D:1      | Reached skill level 6 in Stealth
   185 | D:1      | Reached skill level 1 in Dodging
   436 | D:1      | Reached XP level 2. HP: 24/26 MP: 2/2
  1281 | D:2      | Reached skill level 7 in Stealth
  1335 | D:2      | Reached XP level 3. HP: 32/32 MP: 3/3
  1491 | D:2      | Gained mutation: You are weak. (Str -2) [potion of mutation]
  1491 | D:2      | Gained mutation: Your skin changes colour to match your surroundings (Stealth+). [potion of mutation]
  1612 | D:2      | Noticed Natasha
  1618 | D:2      | Killed Natasha
  1618 | D:2      | Reached skill level 8 in Stealth
  1618 | D:2      | Reached XP level 4. HP: 39/39 MP: 4/4
  1641 | D:2      | Found a glowing golden altar of the Shining One.
  1658 | D:2      | Noticed Natasha
  1668 | D:2      | Killed Natasha
  1789 | D:2      | Reached skill level 9 in Stealth
  2009 | D:2      | Reached XP level 5. HP: 33/45 MP: 5/5
  2282 | D:2      | Noticed Natasha
  2292 | D:2      | Killed Natasha
  2534 | D:2      | Noticed Jessica
  2541 | D:2      | Killed Jessica
  2541 | D:2      | Reached skill level 10 in Stealth
  3745 | D:3      | Reached XP level 6. HP: 52/52 MP: 6/6
  4268 | D:3      | Reached skill level 1 in Evocations
  4890 | D:4      | Noticed Grinder
  4899 | D:4      | Paralysed by Grinder for 7 turns
  4926 | D:4      | Killed Grinder
  4926 | D:4      | Reached skill level 11 in Stealth
  4926 | D:4      | Reached XP level 7. HP: 4/60 MP: 8/8
  5278 | D:4      | Reached skill level 12 in Stealth
  5288 | D:4      | HP: 1/60 [worker ant (8)]
  5290 | D:4      | Slain by a worker ant

Vault maps used:
D:1:      lemuel_arrival_hallway, grunt_decor_cap, minivault_5
D:2:      tso_metal_star, first_bread, uniq_jessica, uniq_natasha
D:3:      minmay_misc_feat_iff
D:4:      kennysheep_little_box, lemuel_round_altar, serial_bayou_pond_a,
          uniq_grinder

Skill      XL: |  1  2  3  4  5  6  7 |
---------------+----------------------+-----
Stealth        | 6 7 8 9 10 11 12 | 12.0
Dodging        | 1 2 |  2.2
Throwing       | 2 |  2.0
Evocations     | 2 |  2.1
Fighting       | |  2.0
Short Blades   | |  2.0

Action                   |  1- 3 |  4- 6 |  7- 9 || total
-------------------------+-------+-------+-------++-------
Melee: Dagger            |    86 |   227 |    32 ||   345
Throw: Stone             |       |    44 |       ||    44
       Tomahawk          |       |       |     3 ||     3
 Abil: Spit Poison       |       |    10 |     3 ||    13
  Use: Scroll            |     5 |     3 |       ||     8
       Potion            |     1 |       |     1 ||     2
 Stab: Sleeping          |    12 |    16 |     1 ||    29
  Eat: Chunk             |     1 |     8 |       ||     9
       Meat ration       |       |       |     1 ||     1
Armor: Robe              |    17 |    41 |     5 ||    63
Dodge: Dodged            |    40 |    90 |    16 ||   146
